 Dungeon Crawl Stone Soup version 0.29.1-2-gbd0b4ee654 (webtiles) character file.

Game seed: 3460545565908607454

72228 lmSkywalker the Basher (level 15, -14/120 HPs)
             Began as a Formicid Fighter on Sept 18, 2022.
             Was the Champion of Wu Jian.
             Demolished by Rupert
             ... wielding a +3 great sword of holy wrath
              (18 damage)
             ... on level 2 of the Orcish Mines on Nov 24, 2022.
             The game lasted 02:17:39 (22394 turns).

lmSkywalker the Basher (Formicid Fighter)          Turns: 22394, Time: 02:17:39

Health: -14/120    AC: 19    Str: 28    XL:     15   Next: 85%
Magic:  0/29       EV:  9    Int: 18    God:    Wu Jian [******]
Gold:   1257       SH: 11    Dex: 13    Spells: 25/34 levels left

rFire   . . .      SeeInvis +   m - +6 shillelagh "Devastator" {shatter}
rCold   . . .      Faith    .   V - +0 kite shield
rNeg    . . .      Spirit   +   c - quicksilver dragon scales
rPois   .          Reflect  .   (helmet unavailable)
rElec   .          Harm     .   N - +2 cloak
rCorr   .          Rampage  .   K - +0 pair of gloves
Will    ++...                   L - +0 pair of boots
Stlth   +++.......              S - amulet "Dijoy" {Spirit Int+4}
HPRegen 0.30/turn               C - +6 ring of strength
MPRegen 0.21/turn               v - ring of wizardry

@: exhausted, studying Ice Magic
A: permanent stasis, dig shafts and tunnels, antennae 3, four strong arms
a: Dig, Shaft Self, Renounce Religion, Wall Jump, Serpent's Lash, Heavenly Storm


You were on level 2 of the Orcish Mines.
You worshipped Wu Jian.
Wu Jian was exalted by your worship.
You visited 4 branches of the dungeon, and saw 20 of its levels.
You also visited: Volcano.

You collected 1299 gold pieces.
You spent 42 gold pieces at shops.

Inventory:

Hand Weapons
 m - the +6 shillelagh "Devastator" (weapon) {shatter}
   (You found it on level 2 of the Dungeon)

   It releases a powerful concussive burst when it strikes, dealing extra damage
   to the target and all other foes adjacent to them.
 T - the +8 flail of Zafakur {holy, rElec rF- rC+ Int+4}
   (You found it on level 5 of the Lair of Beasts)

   It has been blessed by the Shining One to cause great damage to the undead
   and demons.
   Int:       It affects your intelligence (+4).
   rF:        It makes you vulnerable to fire.
   rC:        It protects you from cold.
   rElec:     It insulates you from electricity.
Missiles
 a - 21 poisoned darts
 D - 5 atropa-tipped darts
 W - 3 curare-tipped darts
 X - 3 silver boomerangs
Armour
 b - a +0 chain mail of fire resistance
 c - quicksilver dragon scales (worn)
 K - a +0 pair of gloves (worn)
 L - a +0 pair of boots (worn)
 N - a +2 cloak (worn)
 V - a +0 kite shield (worn)
Jewellery
 e - an amulet of reflection
 l - a ring of protection from cold
 v - a ring of wizardry (right hand)
 C - a +6 ring of strength (left hand)
 O - a ring of poison resistance
 P - a ring of willpower
 Q - a ring of protection from fire
 S - the amulet "Dijoy" (around neck) {Spirit Int+4}
   (You found it on level 5 of the Lair of Beasts)

   [amulet of guardian spirit]

   It causes incoming damage to be divided between your reserves of health and
   magic.
   Int:       It affects your intelligence (+4).
Wands
 d - a wand of quicksilver (18)
 n - a wand of paralysis (5)
 t - a wand of roots (11) (quivered)
 H - a wand of polymorph (16)
 M - a wand of flame (18)
 U - a wand of mindburst (6)
Scrolls
 h - 4 scrolls of enchant weapon
 o - 3 scrolls of vulnerability
 q - 2 scrolls of enchant armour
 r - 2 scrolls of fear {unknown}
 u - a scroll of fog {unknown}
 y - a scroll of immolation {unknown}
 B - a scroll of brand weapon
 E - 5 scrolls of magic mapping
 F - a scroll of summoning {unknown}
 G - 2 scrolls of amnesia
 J - 4 scrolls of noise {unknown}
 R - a scroll of identify
Potions
 f - 2 potions of magic {unknown}
 g - 2 potions of ambrosia
 i - 6 potions of curing
 j - 3 potions of resistance
 k - 3 potions of heal wounds
 p - 3 potions of invisibility {unknown}
 s - 4 potions of mutation
 w - 5 potions of attraction
 x - 3 potions of brilliance
 z - 5 potions of lignification
 A - 5 potions of flight
 I - 2 potions of might


   Skills:
 - Level 12.0 Fighting
 - Level 3.6(9.6) Axes
 - Level 13.7(14.0) Maces & Flails
 - Level 10.7 Armour
 - Level 9.1 Stealth
 + Level 8.9 Shields
 - Level 10.1 Spellcasting
 + Level 5.6 Translocations
 - Level 3.0 Transmutations
 - Level 7.0 Earth Magic
 - Level 8.0 Evocations


You had 25 spell levels left.
You knew the following spells:

 Your Spells              Type           Power      Damage    Failure   Level
a - Teleport Other        Tloc           29%        N/A       2%          3
b - Passage of Golubria   Tloc           29%        N/A       9%          4
c - Wereblood             Tmut           19%        N/A       3%          2

Your spell library contained the following spells:

 Spells                   Type           Power      Damage    Failure   Level
 Beastly Appendage        Tmut           38%        N/A       2%          1
 Gell's Gravitas          Tloc           29%        N/A       2%          3
 Stone Arrow              Conj/Erth      42%        3d9       6%          3
 Shock                    Conj/Air       36%        1d5       9%          1
 Slow                     Hex            36%        N/A       9%          1
 Static Discharge         Conj/Air       9%         3-5/arc   12%         2
 Sublimation of Blood     Necr           9%         N/A       12%         2
 Spider Form              Tmut/Pois      14%        N/A       13%         3
 Ignite Poison            Fire/Tmut/Pois 12%        N/A       16%         3
 Animate Armour           Summ/Erth      42%        N/A       19%         4
 Confusing Touch          Hex            9%         N/A       24%         3
 Conjure Flame            Conj/Fire      9%         6-21      24%         3
 Dazzling Flash           Conj/Hex       18%        N/A       24%         3
 Vampiric Draining        Necr           9%         2d6       24%         3
 Iskenderun's Mystic Bla  Conj/Tloc      19%        2d6       26%         4
 Airstrike                Air            4%         2d(1-17)  58%         4
 Anguish                  Hex/Necr       4%         N/A       58%         4
 Dispel Undead            Necr           9%         3d8       58%         4
 Sticky Flame             Conj/Fire      9%         2d3       58%         4
 Dispersal                Tloc           14%        N/A       73%         6
 Silence                  Hex/Air        4%         N/A       89%         5
 Starburst                Conj/Fire      4%         6d4       100%        6
 Enfeeble                 Hex            4%         N/A       100%        7
 Summon Hydra             Summ           4%         N/A       100%        7
 Lehudib's Crystal Spear  Conj/Erth      10%        10d4      100%        8
 Swiftness                Air            Unusable   N/A       N/A         3

Dungeon Overview and Level Annotations

Branches:
Dungeon (12/15)            Temple (1/1) D:6            Lair (5/5) D:8
 Shoals (0/4) Lair:2        Snake (0/4) Lair:3        Slime (0/5) Lair:4
    Orc (2/2) D:11        Volcano (visited)
    Elf: Orc:2

Altars:
Ashenzari
Cheibriados
Dithmenos
Fedhas
Gozag
Hepliaklqana
Kikubaaqudgha
Makhleb
Nemelex Xobeh
Okawaru
Qazlal
Ru
Trog
Uskayaw
Vehumet
Wu Jian
Xom
Yredelemnul
Zin
The Shining One
Jiyva

Shops:
D:11 [

Portals:
Trove: D:11 (give horn of Geryon)

Annotations:
D:4 exclusion: 4 doors
D:7 1 runed translucent door, exclusion: door, pperowp's ghost, novice DrGl
D:9 3 runed translucent doors, exclusion: 3 doors, hawla's ghost, novice MeIE
D:11 1 exclusion
Orc:1 4 transporters, exclusion: 3 doors
Orc:2 Rupert


Innate Abilities, Weirdness & Mutations

You cannot be hasted, slowed, berserked, paralysed or teleported.
You can dig through walls and to a lower floor.
You have a pair of large antennae on your head. (SInv)
Your four strong arms can wield two-handed weapons with a shield.


Message History

An orc warrior comes into view.
It is wielding a +0 battleaxe and wearing a +2 plate armour of cold resistance.
You spin and attack Rupert.
You hit Rupert.
Rupert shudders.
Rupert is lightly wounded. x2
You block Rupert's attack.
Rupert hits you with a +3 great sword of holy wrath!!
Rupert attacks as you move away!
Rupert hits you with a +3 great sword of holy wrath!
* * * LOW HITPOINT WARNING * * *
You block Rupert's attack.
There is a stone staircase leading up here.
Aiming: Paralyse
Press: ? - help, Q - select action, (/) - cycle Shift-Dir - straight line, f - Rupert
Aim: Rupert, wielding a +3 great sword of holy wrath and wearing a +0 ring mail (lightly wounded, berserk, chance to affect: 8%)
Okay, then.
Okay, then.
Okay, then.
Aiming: Fastroot
Press: ? - help, Shift-Dir - straight line The roots erupt in riotous growth!
Roots grab Rupert.
The grasping roots constrict Rupert!
You hear a shout!
Rupert hits you with a +3 great sword of holy wrath!!!
* * * LOW HITPOINT WARNING * * *
The grasping roots constrict Rupert!
Rupert struggles to escape constriction.
Rupert escapes!
Your muscles tense, ready for explosive movement...
Your supernatural speed expires.
Okay, then.
Aiming: Paralyse
Press: ? - help, Q - select action, (/) - cycle Shift-Dir - straight line
Okay, then.
Aiming: Fastroot
Press: ? - help, Q - select action, (/) - cycle Shift-Dir - straight line The roots erupt in riotous growth!
Roots grab Rupert.
The grasping roots constrict Rupert!
Rupert hits you with a +3 great sword of holy wrath!!
You die...

#. #............ ...
#................
...##...............##
.....................##..
..............#...........
..................#.......
.#.........................
.......))).............#....
........)...<@@........#....
................○.......#.#
.................°.......#
..................<.....# ##
.....#........#........o#...#
...#...................#.....
................)).()........
..............#..)...).....##
.............#...).......#


You could see Rupert (berserk, rooted).

Vanquished Creatures
  Josephine (Orc:2)
  2 boulder beetles
  A centaur warrior (D:9)
  9 hydras
  3 two-headed ogres
  3 death yaks (Lair:5)
  Nergalle (Lair:2)
  A hell knight (Volcano)
  Sonja (Orc:1)
  A goliath frog (Lair:5)
  A phantasmal warrior (D:12)
  An orc knight (Orc:1)
  3 orc sorcerers
  A deep elf pyromancer (D:12)
  An ugly thing (Volcano)
  12 elephants
  2 cyclopes
  A merfolk siren (Lair:2)
  Maurice (D:8)
  4 black mambas
  A smoke demon (Volcano)
  14 cane toads
  A kobold demonologist (D:9)
  3 rime drakes
  3 unseen horrors
  An unseen horror zombie (D:9)
  12 komodo dragons
  A red devil (Volcano)
  6 polar bears
  4 trolls
  2 tyrant leeches (Lair:5)
  A slime creature (D:12)
  18 blink frogs
  2 vampires (D:10)
  5 wraiths
  8 wyverns
  A shadow (D:9)
  A fire elemental (D:11)
  32 yaks
  4 steam dragons
  9 vampire mosquitoes
  4 basilisks
  2 wargs
  3 nagas (Lair:3)
  14 water moccasins
  3 hell hounds (Volcano)
  17 orc warriors
  An ice beast (D:2)
  3 black bears
  An ogre (D:6)
  13 wolves
  6 centaurs
  2 phantoms (D:5)
  2 kobold brigands
  Blork the orc (D:4)
  19 bullfrogs
  2 gnoll sergeants
  3 scorpions
  A necrophage (D:8)
  12 killer bees
  4 howler monkeys
  3 electric eels (Lair:5)
  4 jellies
  A lava snake (Lair:5)
  A centaur zombie (D:9)
  3 hounds
  11 orc priests
  19 orc wizards
  Robin (D:3)
  4 adders
  16 gnolls
  2 shadow imps
  2 white imps
  4 worms
  A dart slug (D:1)
  79 orcs
  7 ball pythons
  5 bats
  7 endoplasms
  A giant cockroach (D:1)
  16 goblins
  7 hobgoblins
  An iguana (D:8)
  18 jackals
  2 quokkas
  5 frilled lizards
  12 kobolds
  5 rats
529 creatures vanquished.

Vanquished Creatures (others)
  A fire vortex (Lair:5)
  36 fungi
  92 plants
129 creatures vanquished.

Grand Total: 658 creatures vanquished

Notes
Turn   | Place    | Note
-------+----------+-------------------------------------------
     0 | D:1      | lmSkywalker the Formicid Fighter began the quest for the
                  | Orb.
     0 | D:1      | Reached XP level 1. HP: 18/18 MP: 1/1
   413 | D:1      | Reached XP level 2. HP: 24/24 MP: 2/2
   445 | D:1      | Found a faded altar of an unknown god.
   567 | D:1      | Reached XP level 3. HP: 23/29 MP: 3/3
   957 | D:2      | Found the +6 shillelagh "Devastator" {shatter}
  1175 | D:2      | Reached skill level 1 in Maces & Flails
  1332 | D:2      | Reached XP level 4. HP: 35/35 MP: 4/4
  1522 | D:3      | Noticed an ice beast
  1531 | D:2      | Killed an ice beast
  1532 | D:2      | Reached skill level 3 in Maces & Flails
  1532 | D:2      | Reached XP level 5. HP: 41/41 MP: 5/5
  1535 | D:3      | Noticed Robin
  1544 | D:3      | Killed Robin
  1624 | D:3      | Reached skill level 4 in Maces & Flails
  1624 | D:3      | Reached XP level 6. HP: 47/47 MP: 6/6
  2021 | D:4      | Reached skill level 5 in Maces & Flails
  2029 | D:4      | You fall into a shaft and drop 2 floors!
  2029 | D:6      | Found an opulent altar of Gozag.
  2061 | D:5      | Entered Level 5 of the Dungeon
  2257 | D:5      | Reached XP level 7. HP: 47/52 MP: 7/7
  2309 | D:5      | Noticed a two-headed ogre
  2355 | D:4      | Reached skill level 6 in Maces & Flails
  2528 | D:4      | Noticed Blork the orc
  2545 | D:4      | Killed Blork the orc
  3320 | D:4      | Found Pymp's CLEARANCE SALE!.
  3330 | D:4      | Bought a scroll of magic mapping for 30 gold pieces
  3330 | D:4      | Bought a potion of curing for 12 gold pieces
  3462 | D:4      | Reached skill level 7 in Maces & Flails
  3684 | D:4      | Reached XP level 8. HP: 52/58 MP: 8/8
  4038 | D:5      | Killed a two-headed ogre
  4039 | D:5      | Reached skill level 9 in Maces & Flails
  4301 | D:5      | Identified the +2 helmet of Bech {rC+}
  4321 | D:5      | Reached XP level 9. HP: 58/64 MP: 9/9
  4467 | D:5      | Reached skill level 10 in Maces & Flails
  4697 | D:6      | Found a glowing golden altar of the Shining One.
  4779 | D:5      | Upgraded the game from 0.29.1-1-gd02db6906a to
                  | 0.29.1-2-gbd0b4ee654
  4923 | D:6      | Found a staircase to the Ecumenical Temple.
  4936 | Temple   | Entered the Ecumenical Temple
  4972 | Temple   | Became a worshipper of the Wu Jian Council
  5088 | D:6      | Found an iron altar of Okawaru.
  5113 | D:6      | Reached skill level 11 in Maces & Flails
  5242 | D:6      | Found a hide-covered altar of Uskayaw.
  6071 | D:7      | Reached skill level 12 in Maces & Flails
  6193 | D:7      | Reached XP level 10. HP: 31/70 MP: 10/10
  6486 | D:7      | Found a radiant altar of Vehumet.
  6562 | D:7      | Found a runed translucent door.
  6562 | D:7      | Found a shimmering altar of Xom.
  6562 | D:7      | Noticed pperowp's ghost (novice DrGl)
  6562 | D:7      | Noticed a +0 short sword of chaos
  6853 | D:8      | Reached * piety under Wu Jian
  6991 | D:8      | Reached skill level 13 in Maces & Flails
  7107 | D:8      | Noticed a two-headed ogre
  7184 | D:8      | Found a stormy altar of Qazlal.
  7194 | D:7      | Reached skill level 1 in Stealth
  7402 | D:8      | Found a shimmering altar of Xom.
  7417 | D:8      | Noticed Maurice
  7723 | D:8      | Found a staircase to the Lair.
  7763 | D:8      | Killed Maurice
  7776 | D:8      | Reached skill level 5 in Fighting
  7794 | D:8      | Reached ** piety under Wu Jian
  8054 | D:9      | Noticed a kobold demonologist
  8056 | D:9      | Killed a kobold demonologist
  8057 | D:9      | Reached skill level 5 in Stealth
  8074 | D:9      | Reached XP level 11. HP: 81/81 MP: 11/11
  8454 | D:9      | Found a broken altar of Ashenzari.
  8482 | D:9      | Found a blossoming altar of Fedhas.
  8516 | D:9      | Found a burning altar of Makhleb.
  9212 | D:9      | Reached skill level 5 in Shields
  9502 | D:9      | Found a sacrificial altar of Ru.
  9508 | D:9      | Reached *** piety under Wu Jian
  9521 | D:9      | Noticed a centaur warrior
  9524 | D:9      | Killed a centaur warrior
  9525 | D:9      | Reached skill level 5 in Armour
  9631 | D:9      | Found a runed translucent gate.
  9631 | D:9      | Found a runed translucent gate.
  9631 | D:9      | Found a runed translucent gate.
  9631 | D:9      | Noticed hawla's ghost (novice MeIE)
  9633 | D:9      | Found a basalt altar of Yredelemnul.
  9850 | D:10     | Entered Level 10 of the Dungeon
 10422 | D:10     | Reached skill level 1 in Spellcasting
 10422 | D:10     | Reached skill level 1 in Evocations
 11226 | Lair:1   | Entered Level 1 of the Lair of Beasts
 11324 | D:8      | Killed a two-headed ogre
 11334 | Lair:1   | Reached XP level 12. HP: 96/96 MP: 13/13
 11500 | Lair:1   | Identified the +2 leather armour of Noughts and Crosses
                  | {Str+2}
 11918 | Lair:1   | Reached skill level 10 in Fighting
 12392 | Lair:2   | Found a staircase to the Shoals.
 12434 | Lair:2   | Noticed a seven-headed hydra
 12441 | Lair:2   | Killed a seven-headed hydra
 12671 | Lair:2   | Found a shadowy altar of Dithmenos.
 12822 | Lair:2   | Noticed Nergalle
 12834 | Lair:2   | Killed Nergalle
 13124 | Lair:2   | Reached skill level 5 in Evocations
 13353 | Lair:2   | You fall into a shaft and drop 1 floor!
 13353 | Lair:3   | Noticed a five-headed hydra
 13361 | Lair:3   | Killed a five-headed hydra
 13415 | Lair:3   | Reached **** piety under Wu Jian
 13653 | Lair:3   | Reached XP level 13. HP: 101/108 MP: 14/14
 13783 | Lair:3   | Noticed an eight-headed hydra
 13789 | Lair:3   | Killed an eight-headed hydra
 13842 | Lair:3   | Reached skill level 10 in Armour
 13842 | Lair:3   | Reached XP level 14. HP: 115/115 MP: 15/15
 14358 | Lair:3   | Found a staircase to the Snake Pit.
 14464 | Lair:3   | Identified the +4 hand axe "Earthworm" {venom, Int+6}
 14523 | Lair:3   | Found a bloodstained altar of Trog.
 15179 | Lair:4   | Identified the +7 mace "Xetufric" {flame, Fly rCorr Str+5
                  | SInv}
 15515 | Lair:4   | Found a dark tunnel.
 15526 | Volcano  | Entered a volcano
 15602 | Volcano  | Reached skill level 5 in Spellcasting
 16039 | Lair:4   | Found a viscous altar of Jiyva.
 16039 | Lair:4   | Found a staircase to the Slime Pits.
 16847 | Lair:5   | Entered Level 5 of the Lair of Beasts
 17518 | Lair:5   | Reached ***** piety under Wu Jian
 17659 | Lair:5   | Reached XP level 15. HP: 116/120 MP: 28/28
 17677 | Lair:5   | Reached skill level 10 in Spellcasting
 17735 | Lair:5   | Reached skill level 1 in Earth Magic
 18210 | Lair:4   | Reached skill level 5 in Earth Magic
 18789 | Lair:5   | Reached skill level 1 in Translocations
 19163 | Lair:5   | Identified the amulet "Dijoy" {Spirit Int+4}
 19167 | Lair:5   | Identified the +8 flail of Zafakur {holy, rElec rF- rC+
                  | Int+4}
 19212 | Lair:5   | Learned a level 3 spell: Teleport Other
 19217 | Lair:5   | Learned a level 4 spell: Passage of Golubria
 19220 | Lair:5   | Learned a level 2 spell: Wereblood
 20226 | D:11     | Reached skill level 1 in Transmutations
 20616 | D:11     | Found a staircase to the Orcish Mines.
 20693 | D:11     | Found an ornate altar of the Wu Jian Council.
 20794 | D:11     | Found a portal to a secret trove of treasure.
 20817 | D:11     | Found Cyffeschucki's Armour Boutique.
 21427 | Orc:1    | Entered Level 1 of the Orcish Mines
 21808 | Orc:1    | Noticed Sonja
 21814 | Orc:1    | Killed Sonja
 21815 | Orc:1    | Reached skill level 5 in Translocations
 21960 | Orc:1    | Found an ornate altar of the Wu Jian Council.
 21960 | Orc:1    | Found a transporter.
 21991 | Orc:1    | Found a transporter.
 22002 | Orc:1    | Found a transporter.
 22019 | Orc:1    | Found a transporter.
 22020 | Orc:1    | Found an ornate altar of the Wu Jian Council.
 22020 | Orc:1    | Noticed an orc warlord
 22054 | Orc:1    | Reached ****** piety under Wu Jian
 22280 | Orc:2    | Entered Level 2 of the Orcish Mines
 22280 | Orc:2    | Noticed Josephine
 22287 | Orc:2    | Killed Josephine
 22379 | Orc:2    | Noticed Rupert
 22390 | Orc:2    | HP: 3/120 [Rupert/+3 great sword of holy wrath (31)]
 22394 | Orc:2    | Demolished by Rupert

Illustrated notes

Levels and vault maps discovered:
D:1:      zaba_arrival_water, layout_basic,
          ebering_ecumenical_altar_sacrificial, minmay_misc_feat_room,
          kennysheep_pointless_box
D:2:      layout_basic, nrook_uturn
D:3:      minmay_wonky_spiral, layout_basic, minmay_misc_feat_pillars,
          uniq_robin
D:4:      lemuel_castle_with_subvaults [lemuel_castle_interior_original],
          layout_gridville, hex_large, nicolae_shop_clearance, uniq_menkaure,
          uniq_blork_the_orc
D:5:      cheibrodos_quashed, layout_loops_ring
D:6:      layout_rooms, mainiacjoe_overflow_small_starburst, okawaru_trees_1,
          kennysheep_mini, nicolae_gozag_seed_capital, minmay_temple_entry_grid
D:7:      layout_rooms, vehumet_crystals, ebering_ghost_xom,
          minmay_misc_feat_chi, mrwooster_statue_mirror, minivault_23,
          kennysheep_generic_room_16
D:8:      layout_basic, dk_xom_monty_hall, grunt_qazlal_sundering,
          grunt_lair_entry_orc_guard_hut, uniq_maurice
D:9:      layout_basic, mainiacjoe_overflow_boulevard,
          nicolae_ru_great_annihilating_truth, marbit_many_paths,
          lightli_temple_of_fire, nicolae_yredelemnul_ghost_church,
          kb_lookout_dungeons_type, kennysheep_kite_vault
D:10:     layout_basic, serial_corexii_hall, corexii_hall_statues_l,
          corexii_hall_statues_u
D:11:     minmay_blocky_corners, layout_long_grid, david_orc_3, serial_shops,
          kennysheep_mini_moat, enter_trove_3, pdpol_wu_jian_five_deadly_venoms
D:12:     layout_big_octagon, argonaut_gorgonesque
Temple:   nicolae_temple_bog_church
Lair:1:   layout_cave_pods
Lair:2:   layout_cave_pods, minmay_shoals_entry_lonely_mermaid, basic_altar,
          st_stairs_12, uniq_nergalle
Lair:3:   layout_gridlike, guppyfry_snake_entry_garden, basic_altar,
          beast_lair_carwin_11, grunt_megastairs_3
Lair:4:   layout_cave_pods, dpeg_slime_entry_enclosed, enter_volcano_4,
          beast_lair_carwin_1
Lair:5:   minmay_lair_end_frog_pond, layout_gridlike
Orc:1:    dreamdust_wu_jian_sword_trials, layout_caves, minmay_orc_keep,
          uniq_sonja
Orc:2:    pf_orc_diabolical, layout_caves, uniq_josephine, uniq_rupert

Skill      XL: |  1  2  3  4  5  6  7  8  9 10 11 12 13 14 15 |
---------------+----------------------------------------------+-----
Axes           | 3 |  3.6
Maces & Flails | 1 3 4 5 7 9 12 13 | 13.7
Stealth        | 5 9 |  9.1
Fighting       | 5 9 12 | 12.0
Armour         | 6 8 10 | 10.7
Shields        | 6 8 |  8.9
Spellcasting   | 1 9 10 | 10.1
Evocations     | 2 5 6 8 |  8.0
Earth Magic    | 7 |  7.0
Translocations | 5 |  5.6
Transmutations | 3 |  3.0

Action                   |  1- 3 |  4- 6 |  7- 9 | 10-12 | 13-15 || total
-------------------------+-------+-------+-------+-------+-------++-------
Melee: War axe           |    52 |       |       |       |       ||    52
       Shillelagh        |    16 |    51 |   136 |   372 |   576 ||  1151
Throw: Stone             |     2 |       |       |       |       ||     2
       Dart              |       |     6 |     8 |     4 |     3 ||    21
       Throwing net      |       |       |     1 |       |       ||     1
 Cast: Passage of Golubr |       |       |       |       |     2 ||     2
Invok: Lunge             |       |       |     6 |    54 |    77 ||   137
       Whirlwind         |       |       |       |    42 |   105 ||   147
       Serpent's Lash    |       |       |       |       |     3 ||     3
 Abil: Dig               |       |       |       |     1 |       ||     1
       Wall Jump         |       |       |       |       |     2 ||     2
Evoke: Wand              |       |       |       |     8 |    20 ||    28
  Use: Scroll            |       |       |     6 |    10 |     3 ||    19
       Potion            |       |       |     3 |       |     2 ||     5
 Stab: Distracted        |       |       |       |     3 |       ||     3
       Paralysed         |       |       |       |     4 |     2 ||     6
       Sleeping          |       |       |       |       |     3 ||     3
Armor: Scale mail        |    29 |    10 |    26 |    12 |       ||    77
       Chain mail        |       |       |       |    48 |    81 ||   129
       Quicksilver drago |       |       |       |       |    25 ||    25
       Ring mail         |       |       |       |       |     3 ||     3
Dodge: Dodged            |    29 |    11 |    33 |    43 |    75 ||   191
Block: Buckler           |    26 |    13 |    55 |    91 |   130 ||   315
       Reflection        |       |     1 |     9 |     3 |     1 ||    14
       Kite shield       |       |       |       |       |    43 ||    43
